 Dungeon Crawl Stone Soup version 0.29.0-4-gdea44cf6ec (webtiles) character file.

Game seed: 13045890737335645268

597 FluffGlitter the Chopper (level 7, 0/61 HPs)
             Began as a Hill Orc Abyssal Knight on Aug 27, 2022.
             Was a Priest of Lugonu.
             Slain by Edmund
             ... wielding a +5 vorpal dire flail
              (2 damage)
             ... on level 4 of the Dungeon.
             The game lasted 00:18:39 (5364 turns).

FluffGlitter the Chopper (Hill Orc Abyssal Knight)  Turns: 5364, Time: 00:18:39

Health: 0/61       AC: 14    Str: 18    XL:     7   Next: 40%
Magic:  7/10       EV:  5    Int: 10    God:    Lugonu [***...]
Gold:   14         SH:  0    Dex: 11    Spells: 6/6 levels left

rFire   + . .      SeeInvis .   a - +1 hand axe
rCold   . . .      Faith    .   (no shield)
rNeg    . . .      Spirit   .   i - +0 plate armour {rF+}
rPois   .          Reflect  .   (no helmet)
rElec   .          Harm     .   (no cloak)
rCorr   +          Rampage  .   j - +0 pair of gloves
Will    .....                   v - +0 pair of boots
Stlth   ..........              (no amulet)
HPRegen 0.20/turn               d - ring of resist corrosion
MPRegen 0.12/turn               (no ring)

@: no status effects
A: no striking features
a: Renounce Religion, Depart the Abyss, Bend Space, Banish


You were on level 4 of the Dungeon.
You worshipped Lugonu.
Lugonu was most pleased with you.
You visited 1 branch of the dungeon, and saw 5 of its levels.
You visited the Abyss 1 time.

You collected 170 gold pieces.
You spent 156 gold pieces at shops.

Inventory:

Hand Weapons
 a - a +1 hand axe (weapon)
Missiles
 f - 31 stones (quivered)
Armour
 i - a +0 plate armour of fire resistance (worn)
 j - a +0 pair of gloves (worn)
 v - a +0 pair of boots (worn)
Jewellery
 d - a ring of resist corrosion (left hand)
 m - a ring of wizardry
 o - a ring of willpower
 r - a ring of fire
Wands
 u - a wand of flame (27)
Scrolls
 b - a scroll of identify {unknown}
 c - a scroll of amnesia {unknown}
 e - a scroll of butterflies {unknown}
 k - a scroll of vulnerability {unknown}
 n - a scroll of noise {unknown}
 p - a scroll of immolation {unknown}
 s - a scroll of enchant armour {unknown}
Potions
 g - a potion of brilliance {unknown}
 h - 2 potions of degeneration {unknown}
 l - 2 potions of lignification {unknown}
 t - a potion of invisibility


   Skills:
 + Level 5.5 Fighting
 * Level 6.9 Axes
 + Level 4.3 Armour
 - Level 0.7 Dodging
 + Level 5.0 Invocations


You had 6 spell levels left.
You didn't know any spells.
Your spell library contained the following spells:

 Spells                   Type           Power      Damage    Failure   Level
 Magic Dart               Conj           0%         1d3       100%        1
 Slow                     Hex            0%         N/A       100%        1
 Call Imp                 Summ           0%         N/A       100%        2
 Sublimation of Blood     Necr           0%         N/A       100%        2
 Wereblood                Tmut           0%         N/A       100%        2
 Confusing Touch          Hex            0%         N/A       100%        3
 Mephitic Cloud           Conj/Pois/Air  0%         N/A       100%        3
 Vampiric Draining        Necr           0%         2d6       100%        3
 Summon Hydra             Summ           0%         N/A       100%        7


Dungeon Overview and Level Annotations

Branches:
Dungeon (5/15)
 Temple: D:4-7

Altars:
Sif Muna

Shops:
D:3 (   D:4 *([?!

Annotations:
D:4 Edmund


Message History

Edmund is moderately wounded.
Edmund hits you with a +5 vorpal dire flail.
You hit Edmund.
Edmund is moderately wounded.
Edmund hits you but does no damage.
You barely miss Edmund.
Edmund is moderately wounded.
Edmund hits you with a +5 vorpal dire flail!
You hit Edmund.
Edmund is moderately wounded.
Edmund hits you but does no damage.
You completely miss Edmund.
Edmund is moderately wounded.
Edmund hits you but does no damage.
You barely miss Edmund.
Edmund is moderately wounded.
Edmund hits you with a +5 vorpal dire flail!
* * * LOW HITPOINT WARNING * * *
x2 You feel much better.
Edmund hits you but does no damage.
You hit Edmund.
Edmund is heavily wounded.
Edmund hits you with a +5 vorpal dire flail!
You closely miss Edmund.
Edmund is heavily wounded.
Edmund hits you with a +5 vorpal dire flail!
* * * LOW HITPOINT WARNING * * *
x2
Press: ? - help, Shift-Dir - straight line, f - Edmund
Aim: Edmund, wielding a +5 vorpal dire flail and wearing a +0 scale mail (heavily wounded, chance to affect: 82%)
You fail to use your ability.
Edmund hits you but does no damage. Edmund attacks as you move away!
Edmund hits you with a +5 vorpal dire flail.
* * * LOW HITPOINT WARNING * * *
x2 Space bends violently around you!
You blink.
Edmund says, "People think my brother is the best.
I think he's crazy."
Space bends violently around you!
You blink.
Space bends violently around you!
You blink.
Edmund blinks!
Space bends violently around you!
You blink.
Edmund hits you with a +5 vorpal dire flail.
* * * LOW HITPOINT WARNING * * *
You die...

#.#### ####....#
...........
################....
#....#~.....#..#P..#
#...§#~........#...#
#§.######.### #...#
#.@.......#)## ###.#
##.@.........#.. #.#
#......).........#.#
#######..#########.#
...................
.....#############.
##### ##


You could see Edmund.

Vanquished Creatures
  Sigmund (D:4)
  A water moccasin (D:4)
  A black bear (D:4)
  An orc priest (D:4)
  An orc wizard (D:3)
  Natasha (thrice) (D:3)
  Robin (D:2)
  2 adders
  An ufetubus (D:4)
  4 worms (D:2)
  3 orcs
  4 endoplasms
  3 giant cockroaches
  4 goblins
  10 hobgoblins
  10 jackals
  11 ball pythons
  6 bats
  6 kobolds
  3 rats
76 creatures vanquished.

Vanquished Creatures (others)
  2 plants (D:4)
2 creatures vanquished.

Grand Total: 78 creatures vanquished

Notes
Turn   | Place    | Note
-------+----------+-------------------------------------------
     0 | Abyss:1  | FluffGlitter the Hill Orc Abyssal Knight began the quest
                  | for the Orb.
     0 | Abyss:1  | Reached XP level 1. HP: 19/19 MP: 2/2
     3 | D:1      | Escaped the Abyss
   590 | D:1      | Reached skill level 3 in Axes
   826 | D:1      | Reached XP level 2. HP: 26/27 MP: 3/3
  1544 | D:3      | Reached XP level 3. HP: 33/33 MP: 5/5
  2416 | D:2      | Reached *** piety under Lugonu
  2781 | D:4      | Found Puniss's Magic Scroll Shop.
  2804 | D:3      | Found a shimmering blue altar of Sif Muna.
  2827 | D:3      | Reached skill level 4 in Axes
  2840 | D:4      | Noticed a black bear
  2844 | D:3      | Found Wyonig's Weapon Shoppe.
  2867 | D:3      | Noticed Natasha
  2879 | D:3      | Killed Natasha
  2880 | D:3      | Reached XP level 4. HP: 11/40 MP: 6/6
  3316 | D:3      | Found a faded altar of an unknown god.
  3331 | D:3      | Noticed Robin
  3535 | D:2      | Killed Robin
  3605 | D:3      | Reached XP level 5. HP: 47/47 MP: 7/7
  3650 | D:3      | Noticed Natasha
  3708 | D:3      | Killed Natasha
  3709 | D:3      | Reached skill level 5 in Axes
  3944 | D:3      | Noticed Natasha
  3972 | D:3      | Killed Natasha
  4305 | D:4      | Reached XP level 6. HP: 10/53 MP: 7/9
  4669 | D:4      | Found Getoexka's Assorted Antiques.
  4681 | D:4      | Found Faxakkypa's Weapon Shoppe.
  4711 | D:4      | Found Zimor's Distillery.
  4715 | D:4      | Bought a potion of heal wounds for 60 gold pieces
  4744 | D:4      | Bought a potion of invisibility for 96 gold pieces
  4782 | D:4      | Killed a black bear
  4783 | D:4      | Reached skill level 5 in Fighting
  4850 | D:4      | Noticed a water moccasin
  4880 | D:4      | Killed a water moccasin
  4881 | D:4      | Reached skill level 6 in Axes
  5025 | D:5      | Entered Level 5 of the Dungeon
  5038 | D:5      | Reached XP level 7. HP: 61/61 MP: 10/10
  5140 | D:4      | Found Lacupetapn's Antique Armour Emporium.
  5189 | D:4      | Noticed Sigmund
  5205 | D:4      | Killed Sigmund
  5206 | D:4      | Reached skill level 5 in Invocations
  5333 | D:4      | Noticed Edmund
  5364 | D:4      | HP: 2/61 [Edmund/+5 vorpal dire flail (5)]
  5364 | D:4      | Slain by Edmund

Illustrated notes

Levels and vault maps discovered:
D:1:      evilmike_arrival_rings, layout_basic, minmay_misc_feat_hallway
D:2:      layout_loops_corners, chequers_serial_rivers_micro_d
D:3:      layout_rooms, mainiacjoe_overflow_small_starburst, serial_shops,
          nicolae_shop_stone, ebering_ecumenical_altar_ruins,
          lemuel_old_faithful, uniq_robin, uniq_natasha
D:4:      layout_loops_cross, minmay_temple_entry_poolview, serial_shops,
          nicolae_take_the_stairs, nicolae_shop_statue_plus,
          kennysheep_little_box, nicolae_shop_stone, shop, minmay_liquid_box,
          serial_bayou_pond_c, sigmund_edmund_badplayer
D:5:      layout_rooms, gammafunk_temple_overflow_elements

Skill      XL: |  1  2  3  4  5  6  7 |
---------------+----------------------+-----
Axes           | 3 4 5 6 |  6.9
Fighting       | 4 5 |  5.5
Invocations    | 3 4 5 |  5.0
Armour         | 3 4 |  4.3
Dodging        | |  0.7

Action                   |  1- 3 |  4- 6 |  7- 9 || total
-------------------------+-------+-------+-------++-------
Melee: Hand axe          |   171 |   130 |    27 ||   328
       Punch             |     1 |       |       ||     1
Throw: Stone             |    12 |       |       ||    12
Invok: Bend Space        |       |     1 |     4 ||     5
  Use: Potion            |       |     3 |     1 ||     4
Armor: Chain mail        |    48 |       |       ||    48
       Plate armour      |    81 |   128 |     8 ||   217
Dodge: Dodged            |    42 |    46 |     5 ||    93
